 Dungeon Crawl Stone Soup version 0.24.0-123-gd5b16e6ec5 (webtiles) character file.

Game seed: 365891962582390216, levelgen mode: deterministic

751 Bergy the Basher (level 7, -2/41 HPs)
             Began as a Gargoyle Fighter on Dec 23, 2019.
             Was a Follower of Makhleb.
             Slain by Menkaure (6 damage)
             ... on level 5 of the Dungeon.
             The game lasted 00:14:13 (4893 turns).

Bergy the Basher (Gargoyle Fighter)                 Turns: 4893, Time: 00:14:13

Health: -2/41      AC: 12    Str: 22    XL:     7   Next: 78%
Magic:  7/7        EV: 11    Int: 13    God:    Makhleb [*.....]
Gold:   296        SH:  9    Dex:  9    Spells: 6/6 levels left

rFire    . . .     SeeInvis .   a - +0 flail
rCold    . . .     Gourm    .   c - +0 shield
rNeg     + . .     Faith    .   b - +0 scale mail
rPois    ∞         Spirit   .   (no helmet)
rElec    +         Reflect  .   t - +0 cloak
rCorr    .         Harm     .   (no gloves)
MR       .....                  (no boots)
Stlth    ..........             (no amulet)
HPRegen  0.13/turn              m - +4 ring of evasion
MPRegen  0.10/turn              (no ring)

@: brilliant
A: negative energy resistance 1, electricity resistance, unbreathing,
petrification resistance, rot immunity, AC +4
a: Renounce Religion


You were on level 5 of the Dungeon.
You worshipped Makhleb.
Makhleb was aware of your devotion.
You were hungry.

You visited 1 branch of the dungeon, and saw 5 of its levels.

You collected 296 gold pieces.

Inventory:

Hand Weapons
 a - a +0 flail (weapon)
Armour
 b - a +0 scale mail (worn)
 c - a +0 shield (worn)
 t - a +0 cloak (worn)
Jewellery
 m - a +4 ring of evasion (left hand)
Wands
 v - a wand of paralysis (5)
Scrolls
 e - 5 scrolls of identify
 g - 5 scrolls of remove curse
 i - a scroll of enchant armour {unknown}
 j - 7 scrolls of teleportation
 o - a scroll of noise {unknown}
 p - 2 scrolls of magic mapping {unknown}
 r - a scroll of immolation {unknown}
Potions
 d - 2 potions of might
 h - a potion of agility {unknown}
 k - 4 potions of curing
 l - a potion of mutation {unknown}
 n - 2 potions of haste {unknown}
 q - 4 potions of brilliance
 s - a potion of heal wounds {unknown}
 u - a potion of degeneration {unknown}
Comestibles
 f - 13 rations


   Skills:
 - Level 3.2 Fighting
 * Level 8.6 Maces & Flails
 - Level 3.2 Armour
 - Level 3.2 Shields


You had 6 spell levels left.
You didn't know any spells.
Your spell library was empty.

Dungeon Overview and Level Annotations

Branches:
Dungeon (5/15)             Temple (0/1) D:4

Altars:
Cheibriados
Gozag
Makhleb
Nemelex Xobeh
Okawaru
Vehumet
Xom
Zin

Annotations:
D:5 Menkaure


Innate Abilities, Weirdness & Mutations

You are resistant to torment.
Your stone body is resilient. (AC +4)
You are immune to poison.
You resist negative energy. (rN+)
You are resistant to electric shocks. (rElec)
You can survive without breathing.
You are immune to petrification.
You are immune to rotting.


Message History

The scorpion is severely wounded.
The scorpion barely misses you.
You sock the scorpion!
You kill the scorpion!
Makhleb accepts your kill.
Menkaure points at you and mumbles some strange words.
Pain shoots through your body! You block Menkaure's attack. Menkaure hits you!
* * * LOW HITPOINT WARNING * * *
Items here: ) [ †† a +0 scythe; a +1 robe of fire resistance; a scorpion corpse the human corpse of Sigmund Your shield and scale mail prevent you from hitting Menkaure.
Menkaure casts a spell at you. Pain shoots through your body!
* * * LOW HITPOINT WARNING * * *
You barely miss Menkaure. You block Menkaure's attack.
You barely miss Menkaure. Menkaure barely misses you.
You barely miss Menkaure. Menkaure hits you.
You die...

#.^..._.......#.##
#.#.......#.......
#.#.......#...#.##
#.#.......#.....#
#.#########....##
#.............## #.######.#.#..#
#†# #.#....# #@# #......# ##M#
#####+## #. #..# ##...## ..#####
#.### ##.....## #.#... #.#.##
##.......##
#....##########....####.........#
..........s...........'.........+
##...#########.....####.........#
###..#### #.##.## ##.......##


You could see Menkaure.

Vanquished Creatures
  Sigmund (D:5)
  An ogre (D:4)
  2 scorpions
  Crazy Yiuf (D:3)
  2 hounds
  A centaur skeleton (D:4)
  Jessica (D:3)
  Natasha (thrice) (D:2)
  3 worker ants
  2 hound skeletons (D:4)
  A howler monkey skeleton (D:4)
  8 adders
  8 gnolls
  2 river rats (D:4)
  3 dart slugs
  8 leopard geckos
  An orc (D:5)
  2 ball pythons
  7 bats
  7 giant cockroaches
  7 goblins
  8 hobgoblins
  2 jackals (D:3)
  7 kobolds
  A quokka (D:3)
  4 frilled lizards
  A leopard gecko skeleton (D:4)
  9 rats
  A plant (D:2)
104 creatures vanquished.

Vanquished Creatures (others)
  A plant (D:2)
1 creature vanquished.

Grand Total: 105 creatures vanquished

Notes
Turn   | Place    | Note
-------+----------+-------------------------------------------
     0 | D:1      | Bergy the Gargoyle Fighter began the quest for the Orb.
     0 | D:1      | Reached XP level 1. HP: 14/14 MP: 1/1
   123 | D:1      | Reached XP level 2. HP: 19/19 MP: 2/2
   270 | D:1      | Reached skill level 3 in Maces & Flails
   290 | D:1      | Reached XP level 3. HP: 10/23 MP: 3/3
  1163 | D:2      | Reached skill level 4 in Maces & Flails
  1222 | D:2      | Noticed an angel
  1225 | D:2      | Found a shimmering altar of Xom.
  1226 | D:2      | Found a glowing silver altar of Zin.
  1281 | D:2      | Reached XP level 4. HP: 14/28 MP: 4/4
  1468 | D:2      | Found a sparkling altar of Nemelex Xobeh.
  1471 | D:2      | Noticed Natasha
  1480 | D:2      | Killed Natasha
  1655 | D:2      | Noticed Natasha
  1666 | D:2      | Killed Natasha
  1666 | D:2      | Reached skill level 5 in Maces & Flails
  1666 | D:2      | Reached XP level 5. HP: 20/32 MP: 5/5
  1809 | D:2      | Noticed Natasha
  1817 | D:2      | Killed Natasha
  1907 | D:2      | Found an opulent altar of Gozag.
  2009 | D:2      | Found a burning altar of Makhleb.
  2026 | D:2      | Became a worshipper of Makhleb the Destroyer
  2172 | D:2      | Reached skill level 6 in Maces & Flails
  2172 | D:2      | Reached XP level 6. HP: 33/37 MP: 6/6
  2700 | D:3      | Noticed Jessica
  2703 | D:3      | Killed Jessica
  2789 | D:3      | Found an iron altar of Okawaru.
  3229 | D:3      | Found a runed translucent door.
  3230 | D:3      | Noticed Crazy Yiuf
  3242 | D:3      | Killed Crazy Yiuf
  3624 | D:4      | Reached skill level 7 in Maces & Flails
  3657 | D:4      | Reached * piety under Makhleb
  3769 | D:4      | Reached XP level 7. HP: 37/41 MP: 7/7
  3932 | D:4      | Found a staircase to the Ecumenical Temple.
  4250 | D:4      | Found a snail-covered altar of Cheibriados.
  4282 | D:4      | Reached skill level 8 in Maces & Flails
  4311 | D:4      | Found a glowing drain.
  4438 | D:5      | Entered Level 5 of the Dungeon
  4644 | D:5      | Found a radiant altar of Vehumet.
  4661 | D:5      | Noticed Menkaure
  4848 | D:5      | Noticed Sigmund
  4885 | D:5      | Killed Sigmund
  4893 | D:5      | Slain by Menkaure

Levels and vault maps discovered:
D:1:      lemuel_arrival_broad_hall, layout_basic, minivault_19,
          minmay_pentomino_v2
D:2:      layout_basic, grunt_temple_overflow_order_and_chaos_1,
          makhleb_heckhound_becter, lemuel_coloured_pillars_altar,
          serial_bayou_lagoon_a, st_stairs_10,
          nemelex_xobeh_ov_fountains_minmay, uniq_natasha
D:3:      layout_loops_corners, overflow_temple_1_default,
          uniq_crazy_yiuf_cottage, uniq_jessica
D:4:      layout_loops_ring, kennysheep_slug_shrine, temple_pool_b,
          first_ration, portal_sewer_entry_b
D:5:      layout_loops_corners, nicolae_overflow_crystal_walls,
          kennysheep_mini_moat, lemuel_tele_altar, uniq_menkaure, uniq_sigmund,
          uniq_duvessa

Skill      XL: |  1  2  3  4  5  6  7 |
---------------+----------------------+-----
Maces & Flails | 3 4 5 6 7 8 |  8.6
Fighting       | |  3.2
Armour         | |  3.2
Shields        | |  3.2

Action                   |  1- 3 |  4- 6 |  7- 9 || total
-------------------------+-------+-------+-------++-------
Melee: Flail             |   145 |   258 |    73 ||   476
  Use: Scroll            |       |       |     5 ||     5
       Potion            |       |       |     2 ||     2
  Eat: Chunk             |     1 |     9 |     3 ||    13
Armor: Scale mail        |    94 |   101 |    29 ||   224
Dodge: Dodged            |    54 |    73 |    25 ||   152
Block: Shield            |    81 |    94 |    36 ||   211
